 Dungeon Crawl Stone Soup version 0.29.1-12-g30fa7ad0bf (webtiles) character file.

Game seed: 5347917496452352950

21 GigaChad the Shield-Bearer (level 2, 0/27 HPs)
             Began as a Minotaur Fighter on Jan 15, 2023.
             Succumbed to Sigmund's poison
             ... on level 2 of the Dungeon.
             The game lasted 00:03:03 (620 turns).

GigaChad the Shield-Bearer (Minotaur Fighter)        Turns: 620, Time: 00:03:03

Health: 0/27       AC: 10    Str: 20    XL:     2   Next: 62%
Magic:  1/1        EV:  9    Int:  5    God:
Gold:   32         SH:  4    Dex:  9    Spells: 1/1 levels left

rFire   . . .      SeeInvis .   a - +0 war axe (flame)
rCold   . . .      Faith    .   c - +0 buckler
rNeg    . . .      Spirit   .   b - +0 scale mail
rPois   .          Reflect  .   (helmet restricted)
rElec   .          Harm     .   e - +2 cloak
rCorr   .          Rampage  .   (no gloves)
Will    .....                   (no boots)
Stlth   ..........              (no amulet)
HPRegen 0.09/turn               (no ring)
MPRegen 0.07/turn               (no ring)

@: lethally poisoned (0 -> -3)
A: horns 2, retaliatory headbutt
a: no special abilities


You were on level 2 of the Dungeon.
You visited 1 branch of the dungeon, and saw 2 of its levels.

You collected 32 gold pieces.

Inventory:

Hand Weapons
 a - a +0 war axe of flaming (weapon)
Armour
 b - a +0 scale mail (worn)
 c - a +0 buckler (worn)
 e - a +2 cloak (worn)
 k - a +0 cloak
Scrolls
 f - a scroll of amnesia
 g - a scroll of blinking
Potions
 d - a potion of might
 h - a potion of heal wounds {unknown}


   Skills:
 + Level 3.8 Fighting
 + Level 3.2 Axes
 + Level 3.7 Armour
 + Level 0.2 Dodging
 + Level 3.9 Shields


You had one spell level left.
You didn't know any spells.
Your spell library contained the following spells:

 Spells                   Type           Power      Damage    Failure   Level
 Ice Form                 Ice/Tmut       0%         N/A       100%        4
 Summon Ice Beast         Ice/Summ       0%         N/A       100%        4
 Simulacrum               Ice/Necr       0%         N/A       100%        6


Dungeon Overview and Level Annotations

Branches:
Dungeon (2/15)

Altars:

Annotations:
D:2 Sigmund


Innate Abilities, Weirdness & Mutations

You have a pair of horns on your head.
You reflexively headbutt those who attack you in melee.


Message History

Sigmund is wielding a +4 scythe of venom.
Sigmund shouts!
The endoplasm quivers.
The dart slug launches a dart at you. The slug dart hits you.
Sigmund hits you from afar with a +4 scythe of venom.
The dart slug completely misses you.
Sigmund giggles. "Time to reap what you sow."
Sigmund casts a spell at you.
You are confused.
You bump into the rock wall.
Sigmund closely misses you.
The dart slug bites you but does no damage.
The dart slug launches a dart at you.
The slug dart hits you but does no damage.
Sigmund hits you with a +4 scythe of venom.
You are poisoned.
You bump into the rock wall.
You feel very sick.
You bump into the rock wall.
You feel sick. Sigmund casts a spell at you. The magic dart hits you.
The dart slug bites you but does no damage.
You barely miss Sigmund. You headbutt Sigmund!
Sigmund is moderately wounded.
You barely miss the dart slug.
You feel less confused.
You feel sick. Sigmund hits you but does no damage.
The dart slug closely misses you.
You hit Sigmund. You burn Sigmund.
Sigmund is moderately wounded.
You hit the dart slug. You burn the dart slug.
You feel sick.
Sigmund points at you and mumbles some strange words.
The puff of flame hits you!
* * * LOW HITPOINT WARNING * * *
The dart slug misses you.
You slash Sigmund! You burn Sigmund.
Sigmund is severely wounded.
You slash the dart slug! You burn the dart slug.
You kill the dart slug!
You die...

#.. #..# #
###..###..### .
#.......... .#.
..........# #.#
#.#.#.##..# #.#
#.#.#.##..# #J#
#.#.#.##..# #@# #
####.#.......###@#.#
...................####
.....###...............
###### #......##.######
#.##.#.##.#
#...#.#.#...
#.#.......... #.
.##..#....# #...##...
....


You could see Sigmund and an endoplasm.

Vanquished Creatures
  2 worms (D:2)
  2 dart slugs
  An endoplasm (D:1)
  A hobgoblin (D:1)
  2 quokkas (D:1)
  A bat (D:1)
  2 goblins (D:2)
  4 rats (D:1)
15 creatures vanquished.

Notes
Turn   | Place    | Note
-------+----------+-------------------------------------------
     0 | D:1      | GigaChad the Minotaur Fighter began the quest for the Orb.
     0 | D:1      | Reached XP level 1. HP: 19/19 MP: 0/0
     6 | D:1      | Got Yqau's Precepts of Rime
   220 | D:1      | Reached XP level 2. HP: 24/27 MP: 1/1
   611 | D:2      | Noticed Sigmund
   619 | D:2      | HP: 1/27 [Sigmund/puff of flame (8)]
   620 | D:2      | Succumbed to Sigmund's poison

Illustrated notes

Levels and vault maps discovered:
D:1:      minmay_arrival_semitransparent, layout_loops_ring,
          hangedman_abyss_or_decor_lesser_grid, hangedman_abyss_or_decor_stabs
D:2:      layout_loops_ring, shapermc_ecumenical_altar_mp_ritualfount,
          uniq_natasha, uniq_sigmund

Skill      XL: |  1  2 |
---------------+-------+-----
Axes           | 3 |  3.2
Fighting       | |  3.8
Armour         | |  3.7
Dodging        | |  0.2
Shields        | |  3.9

Action                   || total
-------------------------++-------
Melee: War axe           ||    29
       Headbutt          ||     3
  Use: Scroll            ||     8
Armor: Scale mail        ||    39
Dodge: Dodged            ||    10
Block: Buckler           ||    10
